 Dungeon Crawl Stone Soup version 0.31-a0-319-g4fced400ed (webtiles) character file.

Game seed: 13192009449061601607

21 mopl the Changeling (level 2, -2/19 HPs)
             Began as an Octopode Shapeshifter on July 18, 2023.
             Slain by Terence
             ... wielding a +0 flail
              (13 damage)
             ... on level 2 of the Dungeon.
             The game lasted 00:00:55 (1068 turns).

mopl the Changeling (Octopode Shapeshifter)         Turns: 1068, Time: 00:00:56

Health: -2/19      AC:  1    Str: 14    XL:     2   Next: 87%
Magic:  2/2        EV: 13    Int: 10    God:
Gold:   40         SH:  0    Dex: 12    Spells: 1/1 levels left

rFire   . .          .
                       - Unarmed
rCold   . . .        (no shield)
rNeg    + . .        (helmet currently unavailable)
rPois   +            (no amulet)
rElec   .            c - ring of positive energy
rCorr   .            f - ring of poison resistance
SInv    .            (no ring)
Will    .....        (no ring)
Stlth   ++           (no ring)
HPRegen 0.23/turn    (no ring)
MPRegen 0.08/turn    (no ring)
                     (no ring)

%: no passive effects
@: beast-form
A: beast (slay +2), almost no armour, amphibious, 8 rings, camouflage 1,
gelatinous body 1, (nimble swimmer 1), tentacles
a: Begin Untransformation


You were on level 2 of the Dungeon.
You were a hulking beast.
You visited 1 branch of the dungeon, and saw 2 of its levels.

You collected 40 gold pieces.

Inventory:

Jewellery
 c - a ring of positive energy (left tentacle)
 f - a ring of poison resistance (right tentacle)
Talismans
 b - a beast talisman
Scrolls
 d - a scroll of immolation {unknown}
 i - 4 scrolls of teleportation {unknown}
 k - a scroll of blinking {unknown}
Potions
 a - a potion of lignification {!q}
 e - 2 potions of cancellation {unknown}
 g - a potion of berserk rage {unknown}
 h - 2 potions of invisibility {unknown}
 j - a potion of ambrosia {unknown}


   Skills:
 + Level 2.2 Fighting
 + Level 2.2 Dodging
 * Level 2.5 Unarmed Combat
 * Level 3.2 Shapeshifting


You had one spell level left.
You didn't know any spells.
Your spell library was empty.

Dungeon Overview and Level Annotations

Branches:
Dungeon (2/15)

Altars:

Annotations:
D:2 Terence


Innate Abilities, Weirdness & Mutations

You are a hulking beast.
Your limbs bulge with bestial killing power. (Slay +2)
You cannot wear most types of armour.
You are amphibious.
You can wear up to eight rings at the same time.
Your skin changes colour to match your surroundings (Stealth+).
Your rubbery body absorbs attacks. (AC +1, EV +1)
((You are camouflaged when in or above water. (Stealth+)))
You have tentacles for arms and can constrict up to eight enemies at once.


Message History

Found a club.
You see here a +0 club.
You see here a +0 club.
Found a scale mail.
No target in view!
No target in view!
You now have 40 gold pieces (gained 5).
You see here a +0 scale mail.
Found a stone staircase leading down.
There is a stone staircase leading down here.
Found a sling.
k - a scroll labelled BINLUHEGUA No target in view!
No target in view!
Found 2 stones.
You see here a +0 club.
Terence the Incautious comes into view.
He is wielding a +0 flail and wearing a +1 ring mail of positive energy.
Terence shouts!
Okay, then.
An endoplasm comes into view.
A goblin comes into view. It is wielding a +0 dagger.
The goblin shouts!
The endoplasm quivers.
You tentacle-slap Terence. You grab Terence.
Terence is lightly wounded.
You constrict Terence. Terence barely misses you.
You tentacle-slap Terence but do no damage.
Terence is lightly wounded.
You constrict Terence, but do no damage.
Terence barely misses you.
You tentacle-slap Terence but do no damage.
You squeeze Terence!
Terence is severely wounded.
You constrict Terence. Terence hits you with a +0 flail!
You tentacle-slap Terence.
Terence is almost dead.
You constrict Terence, but do no damage.
Terence hits you with a +0 flail!
Ouch! That really hurt!
You die...

#.#
#....###...#.####..#
#.#
####.##..###......##
#. #..#.###..####.#
#. ##.#.......#...#
#. #.#..####...###
##..[## ##### #....#
.......#..#######
.....###.h@J.....
####.....g#......
###.##........ #..
####..... #. .....
#. .. # #


You could see Terence, an endoplasm and a goblin.

Vanquished Creatures
  2 bats (D:1)
  3 endoplasms (D:1)
  A goblin (D:1)
  2 hobgoblins (D:1)
  5 kobolds
  A ball python (D:1)
  A frilled lizard (D:1)
  5 rats (D:1)
20 creatures vanquished.

Notes
Turn   | Place    | Note
-------+----------+-------------------------------------------
     0 | D:1      | mopl the Octopode Shapeshifter began the quest for the Orb.
     0 | D:1      | Reached XP level 1. HP: 14/14 MP: 1/1
   164 | D:1      | Reached XP level 2. HP: 18/19 MP: 2/2
  1061 | D:2      | Noticed Terence
  1068 | D:2      | Slain by Terence

Illustrated notes

Levels and vault maps discovered:
D:1:      onia_arrival_mini_spirals, layout_basic
D:2:      layout_rooms, minmay_tromino_v4_b, uniq_terence

Action                     || total
---------------------------++-------
  Melee: Unarmed           ||    30
         Constrict         ||     8
         Tentacles         ||     7
         Punch             ||     1
   Stab: Sleeping          ||     5
 Armour: Skin              ||     1
  Dodge: Dodged            ||    12

Table legend: (Time is in decaauts)
 A = Elapsed time spent in this place.
 B = Non-inter-level travel time spent in this place.
 C = Inter-level travel time spent in this place.
 D = Time resting spent in this place.
 E = Time spent auto-exploring this place.
 F = Levels seen in this place.
 G = Mean time per level.
                   A        B        C        D        E       F      G
               +--------+--------+--------+--------+--------+-----+--------+
         Total |   1065 |    997 |     68 |      0 |    877 |   2 |  532.5 |
       Dungeon |   1065 |    997 |     68 |      0 |    877 |   2 |  532.5 |
               +--------+--------+--------+--------+--------+-----+--------+

Top non-repeatable levels by time:
     D:1: 938 daAuts
     D:2: 127 daAuts
